 Dungeon Crawl Stone Soup version 0.29.0-11-gd7f09526c8 (webtiles) character file.

Game seed: 1607977596666802824

682 ImASeal the Chopper (level 7, -16/63 (67) HPs)
             Began as a Troll Gladiator on Sept 6, 2022.
             Killed from afar by a steam dragon (18 damage)
             ... with a ball of steam
             ... on level 7 of the Dungeon.
             The game lasted 00:09:26 (3138 turns).

ImASeal the Chopper (Troll Gladiator)               Turns: 3138, Time: 00:09:26

HP:   -16/63 (67)   AC:  4    Str: 29    XL:     7   Next: 34%
MP:   6/6           EV:  6    Int:  4    God:
Gold: 276           SH:  0    Dex: 11    Spells: 6/6 levels left

rFire   . . .      SeeInvis .   A - +2 hand axe (elec)
rCold   + . .      Faith    .   y - +0 tower shield
rNeg    . . .      Spirit   .   b - +0 robe
rPois   .          Reflect  .   c - +0 hat
rElec   .          Harm     .   (no cloak)
rCorr   +          Rampage  .   (gloves unavailable)
Will    .....                   (boots unavailable)
Stlth   +.........              (no amulet)
HPRegen 1.00/turn               l - ring "Gotoad" {rC+ Str+4}
MPRegen 0.10/turn               n - ring of resist corrosion

@: confused, ambrosia-drunk, drained
A: large, unfitting armour, claws 3, regeneration 1, shaggy fur 1, tough skin 1
a: no special abilities


You were on level 7 of the Dungeon.
You visited 1 branch of the dungeon, and saw 6 of its levels.
You also visited: Ossuary.

You collected 276 gold pieces.

Inventory:

Hand Weapons
 a - a +0 war axe
 A - a +2 hand axe of electrocution (weapon)
Missiles
 d - 4 throwing nets
 e - a large rock
 i - 18 stones (quivered)
 o - 5 poisoned darts
Armour
 b - a +0 robe (worn)
 c - a +0 hat (worn)
 y - a +0 tower shield (worn)
Jewellery
 l - the ring "Gotoad" (left claw) {rC+ Str+4}
   (You found it on level 2 of the Dungeon)

   [ring of protection from cold]

   Str:       It affects your strength (+4).
   rC:        It protects you from cold.
 n - a ring of resist corrosion (right claw)
 u - a ring of willpower
 E - a +4 ring of slaying
Wands
 D - a wand of iceblast (7)
Scrolls
 h - 3 scrolls of identify
 k - a scroll of magic mapping {unknown}
 m - 2 scrolls of fear {unknown}
 r - a scroll of poison {unknown}
 t - 3 scrolls of teleportation
 v - a scroll of enchant weapon {unknown}
 x - a scroll of amnesia {unknown}
 C - a scroll of blinking {unknown}
Potions
 f - 3 potions of lignification
 g - a potion of ambrosia
 j - 3 potions of curing
 p - 2 potions of magic
 q - 2 potions of degeneration
 s - 2 potions of brilliance
 w - 2 potions of cancellation {unknown}
 z - a potion of haste {unknown}
 B - a potion of heal wounds {unknown}


   Skills:
 + Level 3.2 Fighting
 + Level 6.2 Axes
 + Level 2.5 Throwing
 - Level 2.4 Dodging


You had 6 spell levels left.
You didn't know any spells.
Your spell library contained the following spells:

 Spells                   Type           Power      Damage    Failure   Level
 Ignite Poison            Fire/Tmut/Pois 0%         N/A       100%        3
 Mephitic Cloud           Conj/Pois/Air  0%         N/A       100%        3
 Ozocubu's Armour         Ice            0%         N/A       100%        3
 Freezing Cloud           Conj/Ice/Air   0%         6-21      100%        5
 Ozocubu's Refrigeration  Ice            0%         4d7       100%        7


Dungeon Overview and Level Annotations

Branches:
Dungeon (7/15)            Ossuary (visited)
 Temple: D:4-7

Altars:
Elyvilon
Hepliaklqana


Innate Abilities, Weirdness & Mutations

You are too large for most types of armour.
You have claws for hands.
Your natural rate of healing is unusually fast.
You are covered in fur. (AC +1)
You have tough skin. (AC +1)


Message History

Lightning courses through the steam dragon!!
The steam dragon is severely wounded.
You block the steam dragon's attack. The steam dragon claws you.
The steam dragon closely misses you.
The steam dragon claws you but does no damage.
The necrophage hits you.
You feel drained.
You hit the steam dragon.
The steam dragon is almost dead.
You hit the necrophage. The necrophage hits you!
You feel drained. The steam dragon bites you!
You block the steam dragon's attack.
You hit the steam dragon.
The steam dragon is almost dead.
You barely miss the necrophage. You block the necrophage's attack.
The steam dragon breathes steam at you. The ball of steam misses you.
You barely miss the steam dragon.
The steam dragon is almost dead.
You hit the necrophage.
You are engulfed in a cloud of scalding steam.
* * * LOW HITPOINT WARNING * * *
The necrophage hits you but does no damage.
The steam dragon barely misses you. The steam dragon claws you.
* * * LOW HITPOINT WARNING * * *
The steam dragon bites you.
* * * LOW HITPOINT WARNING * * *
The steam dragon claws you.
* * * LOW HITPOINT WARNING * * *
You block the necrophage's attack.
You are confused.
You feel invigorated.
You are engulfed in a cloud of scalding steam.
* * * LOW HITPOINT WARNING * * *
The necrophage is engulfed in a cloud of scalding steam.
The necrophage hits you.
* * * LOW HITPOINT WARNING * * *
You feel drained.
* * * LOW HITPOINT WARNING * * *
The steam dragon breathes steam at you. The ball of steam hits you!!
You die...

...[..#######..
...............
...............
...............
.............
.........#
#§D§....# #§@n....#
+§§§....# #§§.§...#
#######..§§...#
#.............#
#####.............#
#......<..........#
#.................#
#.................#


You could see a steam dragon (catching breath) and a necrophage.

Vanquished Creatures
  A bullfrog (D:7)
  3 water moccasin zombies (Ossuary)
  A hound (D:4)
  A jelly (D:4)
  3 orc priests
  2 iguanas (D:3)
  Terence (D:3)
  An orc wizard (D:7)
  3 mummies
  3 adders
  A shadow imp (D:7)
  2 adder zombies (Ossuary)
  A worm (D:3)
  A dart slug (D:2)
  11 orcs
  4 bats (D:1)
  8 endoplasms
  6 giant cockroaches
  9 goblins
  13 hobgoblins
  3 jackals (D:2)
  A quokka (D:1)
  2 ball pythons (D:1)
  5 frilled lizards
  A gnoll zombie (Ossuary)
  4 hobgoblin zombies (Ossuary)
  6 kobolds
  6 kobold zombies (Ossuary)
  5 orc zombies (Ossuary)
  4 rats (D:1)
112 creatures vanquished.

Notes
Turn   | Place    | Note
-------+----------+-------------------------------------------
     0 | D:1      | ImASeal the Troll Gladiator began the quest for the Orb.
     0 | D:1      | Reached XP level 1. HP: 19/19 MP: 0/0
   161 | D:1      | Reached XP level 2. HP: 28/28 MP: 1/1
   356 | D:1      | Reached skill level 3 in Axes
   642 | D:2      | Reached XP level 3. HP: 35/35 MP: 2/2
   666 | D:2      | Identified the ring "Gotoad" {rC+ Str+4}
   941 | D:2      | Found a white marble altar of Elyvilon.
  1344 | D:3      | Reached XP level 4. HP: 37/42 MP: 3/3
  1363 | D:3      | Noticed Terence
  1376 | D:3      | Killed Terence
  1458 | D:3      | Reached skill level 4 in Axes
  1853 | D:3      | Reached XP level 5. HP: 12/49 MP: 4/4
  2158 | D:3      | Found a hazy altar of Hepliaklqana.
  2400 | D:3      | Found a faded altar of an unknown god.
  2464 | D:4      | Reached XP level 6. HP: 39/59 MP: 5/5
  2535 | D:4      | Found a sand-covered staircase.
  2543 | Ossuary  | Entered an ossuary
  2581 | Ossuary  | Reached skill level 5 in Axes
  2775 | D:4      | Reached XP level 7. HP: 64/67 MP: 6/6
  2933 | D:4      | You fall into a shaft and drop 3 floors!
  2943 | D:7      | Reached skill level 6 in Axes
  3115 | D:6      | Noticed a yak
  3115 | D:6      | Noticed a yak
  3115 | D:6      | Noticed a yak
  3117 | D:6      | Noticed a yak
  3118 | D:6      | Noticed a yak
  3129 | D:7      | Noticed a steam dragon
  3138 | D:7      | HP: 2/64 [steam dragon] (6)]
  3138 | D:7      | Killed from afar by a steam dragon

Illustrated notes

Levels and vault maps discovered:
D:1:      erik_arrival_triangle_large, layout_basic
D:2:      layout_basic, basic_altar
D:3:      layout_basic, lemuel_round_altar, shapermc_ecumenical_altar_acropolis,
          st_stairs_4, nicolae_concentric_dashed_squares_mild, uniq_terence
D:4:      layout_cave_pools, gammafunk_temple_overflow_elements,
          gup_ossuary_entry_pyramid, uniq_crazy_yiuf_cottage
D:6:      layout_gridville, ebering_ghost_inner_flame
D:7:      layout_gridville, minmay_misc_feat_roman

Skill      XL: |  1  2  3  4  5  6  7 |
---------------+----------------------+-----
Throwing       | 2 |  2.5
Axes           | 3 4 5 6 |  6.2
Fighting       | 2 3 |  3.2
Dodging        | |  2.4

Action                   |  1- 3 |  4- 6 |  7- 9 || total
-------------------------+-------+-------+-------++-------
Melee: War axe           |   112 |   143 |       ||   255
       Punch             |       |     4 |       ||     4
       Hand axe          |       |       |    26 ||    26
Throw: Stone             |    21 |    12 |     1 ||    34
  Use: Scroll            |       |     7 |       ||     7
       Potion            |       |       |     1 ||     1
 Stab: Sleeping          |     2 |       |       ||     2
Armor: Robe              |    55 |    43 |     7 ||   105
Dodge: Dodged            |    77 |    81 |     8 ||   166
Block: Tower shield      |       |       |    18 ||    18
